Unix xNetHack Version 7.1.0 - last build Jun 10 2022 16:52:22 (33bbff3b7d1ce07880d5c4b1c5efc7e91935e5b9). Game began 2022-06-30 17:24:01, ended 2022-07-01 11:59:29. elenmirie, neutral female human Tourist --------- ------ |!!!!!!!| ####.....| ------ |!!!!!!!| ----- # |.....#####0|....| |!!!!!!!| ##....| ####%###### |....| #|....| |]!!!!!!| # |....## --.--- #|....| |.......| 0# |.)(| ## #|<...| # ------|-- # -.--- # #|....| ----.--- ## # ## ## #---.-- |.%....| ## # # # ###B@########.......| # # # ## ######## |......| # ### # # ####0############-..0~..| # ## ################################ |......| ---|---#0 # ## ##### #-......| |.....+##### ----|---- -.---.--------- ####-------- |.....|### |......|| |.............| # |.....-# ####|.......| |.............| # |.>...| #-.......| |..............###### ------- |.......| |.............| --------- --------------- Elenmirie the Sightseer St:11 Dx:11 Co:13 In:13 Wi:10 Ch:18 Neutral Dlvl:3 $:208 HP:0(34) Pw:15(15) AC:9 Xp:3/71 T:1890 Latest messages: In what direction? l The dart misses the giant bat. The giant bat bites! The giant bat bites! In what direction? l The dart hits the giant bat. The giant bat bites! The giant bat bites! In what direction? l The dart hits the giant bat. The giant bat bites! Are you sure you want to pray? [yn] (n) y You begin praying to The Lady. You are surrounded by a shimmering light. The giant bat starts to attack you, but pulls back. The giant bat starts to attack you, but pulls back. The giant bat starts to attack you, but pulls back. The giant bat starts to attack you, but pulls back. You finish your prayer. You feel that The Lady is well-pleased. You feel much better. In what direction? l The dart hits the giant bat. The giant bat bites! The giant bat bites! In what direction? l You kill the giant bat! a - 6 uncursed +2 darts (at the ready) {6}. You see here a giant bat corpse. The giant bat bites! The giant bat bites! The giant bat bites! In what direction? h The dart hits the giant bat. The giant bat bites! The giant bat bites! In what direction? h The dart misses the giant bat. The giant bat bites! The giant bat bites! In what direction? h The dart misses the giant bat. The giant bat bites! The giant bat bites! You die... Do you want your possessions identified? [ynq] (y) y Do you want to see your attributes? [ynq] (y) y Do you want an account of creatures vanquished? [ynaq] (y) y Do you want to see your conduct and achievements? [ynq] (y) y Do you want to see the dungeon overview? [ynq] (y) y Major events: Turn 1: elenmirie the neutral female human Tourist entered the dungeon 1505: attained the rank of Sightseer (level 3) 1890: killed by a giant bat Inventory: Inventory: 529/650 weight (26/52 slots) Coins $ - 208 gold pieces {2} Weapons a - 37 uncursed +2 darts (at the ready) {37} s - 11 uncursed +0 mithril shuriken {6} q - an uncursed +0 long sword (weapon in hand) {40} Armor k - an uncursed +0 pair of low boots (being worn) {8} j - an uncursed +0 Hawaiian shirt with an orchid motif (being worn) {4} Comestibles h - 2 cursed maple sugar candies {10} b - 8 uncursed food rations {160} x - an uncursed sprig of wolfsbane {1} Scrolls v - a cursed scroll of enchant armor {5} y - an uncursed scroll of enchant weapon {5} c - an uncursed scroll of identify {5} d - a blessed scroll of light {5} i - 4 uncursed scrolls of magic mapping {20} A - a blessed scroll of taming {5} u - an uncursed scroll of water {5} Spellbooks p - an uncursed spellbook of confuse monster {40} o - an uncursed spellbook of detect unseen {40} w - an uncursed spellbook of sleep {45} Potions t - a blessed potion of gain ability {20} z - an uncursed potion of paralysis {20} r - an uncursed potion of water {20} Wands f - an uncursed wand of light (0:14) {7} Tools m - an uncursed credit card {1} l - an uncursed expensive camera (0:67) {12} e - an uncursed lock pick {4} n - an uncursed magic marker (0:91) {2} Elenmirie the Tourist's attributes: Background: You were a Sightseer, a level 3 female human Tourist. You were neutral, on a mission for The Lady who was opposed by Blind Io (lawful) and Offler (chaotic). You were heterosexual. You were in the Dungeons of Doom, on level 3. You entered the dungeon 1890 turns ago. There was a new moon in effect when your adventure ended. You had 71 experience points, 9 more were needed to attain level 4. Basics: You had 0 out of 34 hit points. You had all 15 energy points (spell power). Your armor class was 9. Your wallet contained 208 zorkmids. Autopickup was on for '$' plus thrown. Final Characteristics: Your strength was 11 (limit:18/100). Your dexterity was 11 (limit:18). Your constitution was 13 (limit:18). Your intelligence was 13 (limit:18). Your wisdom was 10 (limit:18). Your charisma was 18 (limit:18). Final Status: You were not hungry. You were unencumbered. You were wielding a long sword. You were unskilled in long sword. Final Attributes: You were devoutly aligned. You are dead. Miscellaneous: You never encountered a bones level. Total elapsed playing time was 1 hour, 24 minutes and 19 seconds. Vanquished creatures: a kobold leader a giant bat a werejackal 2 coyotes a giant rat a red mold 2 jackals 3 sewer rats 3 grid bugs 5 lichens a kobold zombie 2 newts 23 creatures vanquished. No species were genocided or became extinct. Voluntary challenges: You were illiterate. You never genocided any monsters. You never polymorphed an object. You never changed form. You never touched an artifact. You used no wishes. You never owned a pet. You never scared an enemy with impunity. You were celibate. You never generated conflict. Achievements: You entered a shop. You attained the rank of Sightseer. The Dungeons of Doom: levels 1 to 5 Level 1: An altar. Level 2: Level 3: <- You were here. A potion shop, a grave. Final resting place for you, killed by a giant bat. Level 4: A general store, a fountain. Level 5: Game over: __________ / \ / REST \ / IN \ / PEACE \ / \ | elenmirie | | 208 Au | | killed by a | | giant bat | | | | | | 2022 | *| * * * | * _________)/\\_//(\/(/\)/\//\/|_)_______ Aloha elenmirie the Tourist... You died in The Dungeons of Doom on dungeon level 3 with 601 points, and 208 pieces of gold, after 1890 moves. You were level 3 with a maximum of 34 hit points when you died.